 Dungeon Crawl Stone Soup version 0.17.0-24-gcfadda4 (console) character file.

4818 Garrluk the Basher (level 10, -7/120 HPs)
             Began as a White Draconian Berserker on Nov 15, 2015.
             Was a Priest of Trog.
             Mangled by a skeletal warrior
             ... wielding a +0 war axe
              (25 damage)
             ... on level 13 of the Dungeon.
             The game lasted 00:09:59 (4400 turns).

Garrluk the Basher (White Draconian Berserker)      Turns: 4400, Time: 00:09:59

Health: -7/120     AC: 12    Str: 27    XL:     10   Next: 24%
Magic:  10/10      EV: 12    Int:  7    God:    Trog [***...]
Gold:   337        SH:  3    Dex: 12    Spells: 0 memorised, 9 levels left

rFire  . . .     SeeInvis .     s - +0 morningstar
rCold  + . .     Clarity  .     (armour unavailable)
rNeg   . . .     SustAt   .     d - +0 buckler
rPois  +         Gourm    .     (helmet restricted)
rElec  .         Spirit   .     H - +0 cloak
rCorr  .         Warding  .     u - +2 pair of gloves
rMut   .         Stasis   .     n - +0 pair of boots
MR     .....                    (no amulet)
Stlth  ..........               (no ring)
                                E - ring of poison resistance

@: berserking, very quick, not resistant to hostile enchantments, extremely
unstealthy
A: breathe frost, unfitting armour, cold resistance 1, cold-blooded, AC +7
a: Breathe Frost, Berserk, Trog's Hand, Burn Spellbooks, Renounce Religion


You were on level 13 of the Dungeon.
You worshipped Trog.
Trog was most pleased with you.
You were not hungry.

You visited 1 branch of the dungeon, and saw 11 of its levels.

You collected 337 gold pieces.

Notes
Turn   | Place    | Note
--------------------------------------------------------------
     0 | D:1      | Garrluk the Draconian Berserker began the quest for the Orb.
     0 | D:1      | Reached XP level 1. HP: 19/19 MP: 1/1
   181 | D:1      | Reached XP level 2. HP: 26/26 MP: 2/2
   937 | D:2      | Reached XP level 3. HP: 26/33 MP: 3/3
  1018 | D:3      | Reached ** piety under Trog
  1018 | D:3      | Reached skill level 4 in Maces & Flails
  1119 | D:3      | Found a radiant altar of Vehumet.
  1183 | D:3      | HP: 2/49 [gnoll/club (8)]
  1185 | D:3      | Reached XP level 4. HP: 2/40 MP: 4/4
  1250 | D:3      | HP: 2/40 [adder (4)]
  1256 | D:3      | HP: 3/60 [poisoned by an adder]
  1415 | D:3      | Found an iron altar of Okawaru.
  1418 | D:3      | Reached skill level 5 in Maces & Flails
  1422 | D:3      | Reached XP level 5. HP: 30/47 MP: 5/5
  1524 | D:3      | Found a blossoming altar of Fedhas.
  1867 | D:4      | Noticed DrakieV's ghost (amateur MiFi)
  1889 | D:4      | Killed DrakieV's ghost
  1889 | D:4      | Reached skill level 6 in Maces & Flails
  1889 | D:4      | Reached XP level 6. HP: 31/53 MP: 6/6
  2215 | D:5      | Entered Level 5 of the Dungeon
  2459 | D:6      | Noticed MirrMurr's ghost (novice SpEn)
  2525 | D:6      | Killed MirrMurr's ghost
  2525 | D:6      | Reached skill level 8 in Maces & Flails
  2525 | D:6      | Your scales start taking on an icy white colour.
  2525 | D:6      | Gained mutation: Your flesh is cold resistant. [White Draconian growth]
  2525 | D:6      | Reached XP level 7. HP: 47/60 MP: 7/7
  2671 | D:6      | Reached skill level 9 in Maces & Flails
  2688 | D:6      | Found a sparkling altar of Nemelex Xobeh.
  3417 | D:7      | Reached XP level 8. HP: 55/67 MP: 8/8
  3458 | D:7      | Reached skill level 10 in Maces & Flails
  3499 | D:7      | Noticed Dowan
  3500 | D:7      | Noticed Duvessa
  3507 | D:7      | Killed Duvessa
  3510 | D:7      | Killed Dowan
  3579 | D:7      | Noticed Jessica
  3841 | D:8      | Noticed a centaur zombie
  3856 | D:8      | Killed a centaur zombie
  3856 | D:8      | Reached skill level 11 in Maces & Flails
  3861 | D:9      | Noticed a troll
  3865 | D:9      | Killed a troll
  3865 | D:9      | Reached XP level 9. HP: 72/72 MP: 9/9
  3907 | D:9      | Reached skill level 12 in Maces & Flails
  3909 | D:9      | Reached *** piety under Trog
  4070 | D:9      | You fall through a shaft for 3 floors!
  4070 | D:12     | Noticed a hill giant
  4085 | D:12     | Killed a hill giant
  4086 | D:12     | Reached skill level 13 in Maces & Flails
  4245 | D:12     | Noticed a centaur skeleton
  4252 | D:12     | Killed a centaur skeleton
  4295 | D:13     | Noticed a tengu warrior
  4304 | D:13     | Noticed a tengu warrior
  4304 | D:13     | Killed a tengu warrior
  4304 | D:13     | Reached XP level 10. HP: 75/80 MP: 10/10
  4322 | D:13     | Killed a tengu warrior
  4322 | D:13     | Reached skill level 14 in Maces & Flails
  4335 | D:13     | Noticed Urug
  4384 | D:13     | Noticed a skeletal warrior
  4400 | D:13     | Mangled by a skeletal warrior

Inventory:

Hand Weapons
 a - a +0 blowgun
   (You took it off a kobold on level 3 of the Dungeon)
 s - a +0 morningstar (weapon)
   (You took it off an orc on level 3 of the Dungeon)
Missiles
 m - 3 curare-tipped needles
 t - 24 poisoned needles
Armour
 d - a +0 buckler (worn)
   (You found it on level 1 of the Dungeon)
 n - a +0 pair of boots (worn)
   (You found it on level 4 of the Dungeon)
 u - a +2 pair of gloves (worn)
   (You found it on level 4 of the Dungeon)
 H - a +0 cloak (worn)
   (You found it on level 13 of the Dungeon)
Jewellery
 E - a ring of poison resistance (left hand)
   (You found it on level 7 of the Dungeon)
Wands
 f - a wand of random effects (32)
   (You took it off a gnoll on level 3 of the Dungeon)
 x - a wand of confusion (35)
   (You found it on level 5 of the Dungeon)
 z - a wand of digging (19)
   (You took it off an orc on level 6 of the Dungeon)
Scrolls
 e - 3 scrolls of remove curse {unknown}
 h - 2 scrolls of enchant weapon {unknown}
 j - a scroll of immolation {unknown}
 k - 2 scrolls of amnesia {unknown}
 o - 3 scrolls of fear {unknown}
 p - 3 scrolls of blinking {unknown}
 q - 2 scrolls of teleportation {unknown}
 r - 2 scrolls of identify {unknown}
 w - a scroll of recharging {unknown}
 y - 3 scrolls of enchant armour {unknown}
Potions
 l - 4 potions of curing {unknown}
 v - a potion of berserk rage {unknown}
 A - 2 potions of lignification
 B - a potion of might {unknown}
 C - 2 potions of cancellation {unknown}
 D - a potion of brilliance
 F - a potion of heal wounds {unknown}
Comestibles
 b - 6 bread rations
 c - a meat ration
 g - a slice of pizza
 i - 7 fruits

Table legend:
 A = Turns spent in this place as a percentage of turns spent in the entire game.
 B = Non-inter-level travel turns spent in this place as a percentage of non-inter-level travel turns spent in the entire game.
 C = Inter-level travel turns spent in this place as a percentage of turns spent in this place.
 D = Turns resting spent in this place as a percentage of non-inter-level travel turns spent in this place.
 E = Turns spent auto-exploring this place as a percentage of non-inter-level travel turns spent in this place.
 F = Non-inter-level travel turns spent in this place divided by the number of levels of this place that you've seen.
                   A       B       C       D       E      F
               +-------+-------+-------+-------+-------+----------------------
         Total | 100.0 | 100.0 |   0.8 |   1.6 |   8.1 | 132.2
       Dungeon | 100.0 | 100.0 |   0.8 |   1.6 |   8.1 | 132.2
               +-------+-------+-------+-------+-------+----------------------


   Skills:
 - Level 4.5 Fighting
 * Level 14.4 Maces & Flails
 - Level 2.6 Dodging


You had 9 spell levels left.
You didn't know any spells.

Dungeon Overview and Level Annotations

Branches:
Dungeon (13/15)
 Temple: D:4-7         Lair: D:8-11         Orc: D:9-12      Vaults: D:13-14

Altars:
Fedhas
Nemelex Xobeh
Okawaru
Vehumet

Annotations:
D:7 Jessica
D:13 Urug


Innate Abilities, Weirdness & Mutations

You can breathe waves of freezing cold.
You can buffet flying creatures when you breathe cold.
Your icy white scales are hard (AC +7).
Your body does not fit into most forms of armour.
Your flesh is cold resistant.
You are cold-blooded and may be slowed by cold attacks.


Message History

A skeletal warrior comes into view. It is wielding a war axe.
Things that are here:
a long sword; a leather armour; a shield You hit the skeletal warrior but do no damage.
You hit the skeletal warrior but do no damage.
You tail-slap the skeletal warrior, but do no damage.
The skeletal warrior hits you with a war axe!!
You puncture the skeletal warrior!
The skeletal warrior is lightly damaged.
The skeletal warrior hits you with a war axe!!
* * * LOW HITPOINT WARNING * * *
A red film seems to cover your vision as you go berserk!
You feel yourself moving faster!
You feel mighty!
You feel quite a bit more hungry.
The skeletal warrior completely misses you.
You puncture the skeletal warrior!
The skeletal warrior is moderately damaged.
You barely miss the skeletal warrior. You tail-slap the skeletal warrior!
The skeletal warrior is heavily damaged.
The skeletal warrior hits you with a war axe!!
You die...

#....##
######.....#
..z........#
..........#####
#####...###..##
#..###....##
#..##..^...#
#.)..........
#)#####..#..#
#z# .o..## #@#
.### #.# .# #.#
# #.# #.# #..
#.. #... #.#.
#.##.


You could see a skeletal warrior.

Table legend:
 A = Kills in this place as a percentage of kills in entire the game.
 B = Kills by you in this place as a percentage of kills by you in the entire game.
 C = Kills by friends in this place as a percentage of kills by friends in the entire game.
 D = Other kills in this place as a percentage of other kills in the entire game.
 E = Experience gained in this place as a percentage of experience gained in the entire game.
 F = Experience gained in this place divided by the number of levels of this place that you have seen.
                   A       B       C       D       E      F
               +-------+-------+-------+-------+-------+----------------------
         Total | 100.0 | 100.0 |  -nan |  -nan | 100.0 | 625.8
       Dungeon | 100.0 | 100.0 |  -nan |  -nan | 100.0 | 625.8
               +-------+-------+-------+-------+-------+----------------------

Vanquished Creatures
  Monster Symbol All ' '
  The ghost of MirrMurr the Covert, a novice SpEn of Ashenzari (D:6)
  The ghost of DrakieV the Chopper, an amateur MiFi (D:4)
2 creatures vanquished. All '5' A quasit (D:9) 2 crimson imps 2 shadow imps
5 creatures vanquished. All 'C' A hill giant (D:12)
1 creature vanquished. All 'F' 6 giant frogs
6 creatures vanquished. All 'J' 2 oozes
2 creatures vanquished. All 'K' A big kobold (D:9) 18 kobolds
19 creatures vanquished. All 'O' An ogre (D:8)
1 creature vanquished. All 'Q' 2 tengu warriors (D:13)
2 creatures vanquished. All 'S' 7 adders 2 ball pythons
9 creatures vanquished. All 'T' A troll (D:9)
1 creature vanquished. All 'W' A hungry ghost (D:9) 2 phantoms (D:7)
3 creatures vanquished. All 'Z' A centaur zombie (D:8) A centaur skeleton (D:12) A giant frog zombie (D:6) 2 giant frog skeletons An adder zombie (D:3) An adder skeleton (D:4) A quokka zombie (D:5)
8 creatures vanquished. All 'a' 4 worker ants
4 creatures vanquished. All 'b' 3 bats
3 creatures vanquished. All 'e' Duvessa (D:7) Dowan (D:7)
2 creatures vanquished. All 'g' 8 gnolls 8 hobgoblins 3 goblins
19 creatures vanquished. All 'h' A black bear (D:6) 10 jackals
11 creatures vanquished. All 'l' 2 giant geckos 2 giant newts (D:3)
4 creatures vanquished. All 'o' 3 orc priests 12 orcs
15 creatures vanquished. All 'p' A human (D:13)
1 creature vanquished. All 'r' 3 quokkas 2 rats
5 creatures vanquished. All 's' 2 giant cockroaches
2 creatures vanquished. All 'w' 4 worms
4 creatures vanquished.
129 creatures vanquished. Monster Nature Uniques Duvessa (D:7) Dowan (D:7)
2 creatures vanquished. Natural Monsters 2 tengu warriors (D:13) A hill giant (D:12) The ghost of MirrMurr the Covert, a novice SpEn of Ashenzari (D:6) A troll (D:9) A human (D:13) The ghost of DrakieV the Chopper, an amateur MiFi (D:4) A black bear (D:6) An ogre (D:8) A big kobold (D:9) 6 giant frogs 3 orc priests 4 worker ants 8 gnolls 7 adders 2 oozes 4 worms 2 giant geckos 12 orcs 3 bats 2 giant cockroaches 8 hobgoblins 10 jackals 18 kobolds 3 quokkas 2 ball pythons 2 giant newts (D:3) 3 goblins 2 rats
111 creatures vanquished. Undead Monsters A centaur zombie (D:8) A centaur skeleton (D:12) A hungry ghost (D:9) 2 phantoms (D:7) A giant frog zombie (D:6) 2 giant frog skeletons An adder zombie (D:3) An adder skeleton (D:4) A quokka zombie (D:5)
11 creatures vanquished. Demonic Monsters A quasit (D:9) 2 crimson imps 2 shadow imps
5 creatures vanquished.
129 creatures vanquished. Ascending Order A hill giant (D:12) A centaur zombie (D:8) A centaur skeleton (D:12) The ghost of MirrMurr the Covert, a novice SpEn of Ashenzari (D:6) A troll (D:9) A human (D:13) The ghost of DrakieV the Chopper, an amateur MiFi (D:4) A hungry ghost (D:9) Duvessa (D:7) A black bear (D:6) An ogre (D:8) A big kobold (D:9) Dowan (D:7) A quasit (D:9) A giant frog zombie (D:6) An adder zombie (D:3) An adder skeleton (D:4) A quokka zombie (D:5) 2 tengu warriors (D:13) 2 phantoms (D:7) 2 giant frog skeletons 2 crimson imps 2 shadow imps 2 oozes 2 giant geckos 2 giant cockroaches 2 giant newts (D:3) 2 ball pythons 2 rats 3 orc priests 3 quokkas 3 bats 3 goblins 4 worker ants 4 worms 6 giant frogs 7 adders 8 gnolls 8 hobgoblins 10 jackals 12 orcs 18 kobolds
129 creatures vanquished.

Action                   |  1- 3 |  4- 6 |  7- 9 | 10-12 || total
-------------------------+-------+-------+-------+-------++-------
Melee: Mace              |    94 |    70 |       |       ||   164
       Morningstar       |       |   131 |   241 |    27 ||   399
 Fire: Blowgun           |       |       |     6 |       ||     6
Invok: Berserk           |     2 |     1 |     6 |     1 ||    10
       Trog's Hand       |     1 |     8 |     2 |       ||    11
       Burn Spellbooks   |       |       |     1 |       ||     1
 Abil: Breathe Frost     |       |       |     1 |       ||     1
  Use: Potion            |       |     2 |       |       ||     2
 Stab: Sleeping          |       |       |     1 |       ||     1
  Eat: Chunk             |     2 |     7 |    13 |     2 ||    24
